 Dungeon Crawl Stone Soup version 0.19-a0-1401-g902f63d (webtiles) character file.

55 4thArraOfDagon the Ruffian (level 3, 0/31 HPs)
             Began as a Troll Ice Elementalist on Sept 4, 2016.
             Was an Initiate of Qazlal.
             Succumbed to a worker ant's poison
             ... on level 3 of the Dungeon.
             The game lasted 00:02:36 (607 turns).

4thArraOfDagon the Ruffian (Troll Ice Elementalist)  Turns: 607, Time: 00:02:36

Health: 0/31       AC:  5    Str: 21    XL:     3   Next: 67%
Magic:  3/3        EV:  7    Int: 14    God:    Qazlal [......]
Gold:   115        SH:  7    Dex: 10    Spells: 1 memorised, 3 levels left

rFire  . . .     SeeInvis .       - Unarmed
rCold  . . .     Gourm    +     a - +0 robe
rNeg   . . .     Faith    .     h - +0 shield
rPois  .         Spirit   .     (helmet restricted)
rElec  .         Dismiss  .     (no cloak)
rCorr  .         Reflect  .     (gloves unavailable)
MR     .....     Harm     .     (boots unavailable)
Stlth  +.........               (no amulet)
                                (no ring)
                                (no ring)

@: mighty, lethally poisoned (0 -> -1), flying
A: unfitting armour, claws 3, clever 1, fast metabolism 3, gourmand, mutation
resistance 1, regeneration 1, shaggy fur 1, tough skin 2, subdued magic 1
a: Renounce Religion


You were on level 3 of the Dungeon.
You worshipped Qazlal.
Qazlal was noncommittal.
You were hungry.

You visited 1 branch of the dungeon, and saw 3 of its levels.

You collected 115 gold pieces.

Inventory:

Armour
 a - a +0 robe (worn)
 h - a +0 shield (worn)
Scrolls
 d - 2 scrolls of recharging {unknown}
 f - a scroll of amnesia {unknown}
 i - 2 scrolls of identify {unknown}
 j - 2 scrolls of remove curse {unknown}
Books
 b - a book of Frost

   Spells                             Type                      Level
   a - Freeze                         Ice                          1
   b - Throw Frost                    Conjuration/Ice              2
   c - Ozocubu's Armour               Charms/Ice                   3
   d - Throw Icicle                   Conjuration/Ice              4
   e - Summon Ice Beast               Ice/Summoning                4
Comestibles
 c - 3 bread rations


   Skills:
 - Level 1.5 Dodging
 - Level 1.1 Stealth
 + Level 1.0 Shields
 * Level 3.0 Unarmed Combat
 - Level 1.2 Spellcasting
   Level 0.6 Conjurations
 - Level 2.1 Ice Magic


You had 3 spell levels left.
You knew the following spells:

 Your Spells              Type           Power        Failure   Level  Hunger
a - Freeze                Ice            #...         56%         1    ##.....


Dungeon Overview and Level Annotations

Branches:
Dungeon (3/15)

Altars:
Makhleb
Qazlal
Vehumet
The Shining One


Innate Abilities, Weirdness & Mutations

You are too large for most types of armour.
You have claws for hands.
Your metabolism is lightning-fast.
You like to eat raw meat.
Your natural rate of healing is unusually fast.
You are covered in fur. (AC +1)
You have very tough skin. (AC +2)
Your mind is acute. (Int +2)
You are somewhat resistant to further mutation.
Your spells are a little easier to cast, but a little less powerful.


Message History

* * * LOW HITPOINT WARNING * * *
You feel sick. The bat hits you.
* * * LOW HITPOINT WARNING * * *
Unknown command.
Unknown command.
* * * LOW HITPOINT WARNING * * *
You feel sick. The bat barely misses you.
Unknown command.
Unknown command.
You barely miss the bat.
* * * LOW HITPOINT WARNING * * *
You feel sick. The bat hits you but does no damage.
Unknown command.
Unknown command.
* * * LOW HITPOINT WARNING * * *
You feel sick.
Unknown command.
Unknown command.
You completely miss the bat.
You die...

#.................# #...(.
#............#...######.....
#.........##.#######........
##############.................
....... #..##.##..#####......
.......####..##.##.## #......
........#.#.##..#..# #.....#
a........#.#.b.##.## ####..#
........#)#.##@#.< #..#
.......####..##..# ##..#
....... #..##.## #....
######### #####..# #.##.
..####.. #.#..### #.###
...##.### #....# #.# #
........##<.#.# #.# # #...
#.....#.# ##.# # ###..#
###...#.# #..#


You could see a bat.

Vanquished Creatures
  A worker ant (D:3)
  An adder (D:3)
  A worm (D:2)
  A dart slug (D:1)
  A giant gecko (D:3)
  2 bats (D:1)
  2 giant cockroaches (D:1)
  3 goblins (D:2)
  A hobgoblin (D:3)
  2 kobolds
  4 rats
19 creatures vanquished.

Notes
Turn   | Place    | Note
-------+----------+-------------------------------------------
     0 | D:1      | 4thArraOfDagon the Troll Ice Elementalist began the quest for the Orb.
     0 | D:1      | Reached XP level 1. HP: 16/16 MP: 1/1
    71 | D:1      | Reached skill level 1 in Unarmed Combat
   147 | D:2      | Found a glowing golden altar of the Shining One.
   150 | D:2      | Found a burning altar of Makhleb.
   153 | D:2      | Found a stormy altar of Qazlal.
   157 | D:2      | Became a worshipper of Qazlal Stormbringer
   190 | D:2      | Found a radiant altar of Vehumet.
   290 | D:2      | Reached XP level 2. HP: 24/24 MP: 2/2
   307 | D:1      | Reached skill level 2 in Unarmed Combat
   396 | D:2      | Found a faded altar of an unknown god.
   587 | D:3      | Reached XP level 3. HP: 25/31 MP: 3/3
   595 | D:3      | Reached skill level 1 in Shields
   595 | D:3      | Reached skill level 3 in Unarmed Combat
   597 | D:3      | Gained mutation: Your mind is acute. (Int +2) [potion of mutation]
   597 | D:3      | Gained mutation: Your spells are a little easier to cast, but a little less powerful. [potion of mutation]
   597 | D:3      | Gained mutation: You are somewhat resistant to further mutation. [potion of mutation]
   605 | D:3      | HP: 1/31 [poisoned by a worker ant]
   607 | D:3      | Succumbed to a worker ant's poison

Vault maps used:
D:1:      onia_arrival_mini_maze_b
D:2:      old_standard_altar, grunt_temple_overflow_diamond, ecumenical_altar_1,
          minmay_item_behind_shaft, uniq_robin
D:3:      wad_rectangle_vault

Skill      XL: |  1  2  3 |
---------------+----------+-----
Unarmed Combat | 1 2 3 |  3.0
Shields        | 1 |  1.0
Dodging        | |  1.5
Stealth        | |  1.1
Spellcasting   | |  1.2
Conjurations   | |  0.6
Ice Magic      | |  2.1

Action                   || total
-------------------------++-------
Melee: Unarmed           ||    93
  Use: Potion            ||     3
 Stab: Distracted        ||     1
  Eat: Chunk             ||     2
Armor: Robe              ||    24
Dodge: Dodged            ||    50
Block: Shield            ||    18
